Description

chargelot all in by Shyrshadi

VOD

https://www.youtube.com/watch?v=Dqfgb_DmqIg

Build Order

Get SALT Encoding   

  14  0:20  Pylon  
  16  0:40  Gateway  scout chrono nexus
  17  0:47  Assimilator  
  20  1:24  Nexus  
  20  1:34  Cybernetics Core  
  21  1:42  Assimilator  
  22  1:52  Pylon  
  26  2:10  Adept (Chrono Boost)  
  26  2:16  Warp Gate  
  26  2:25  Twilight Council  
  26  2:30  Stalker  
  34  3:43  Charge (Chrono Boost)  x2
  37  3:26  Stalker  
  38  2:21  Robotics Facility  
  39  3:27  Gateway  
  42  3:44  Action  Pull probes from both assimilators on main and move them to natural mineral
  42  3:50  Gateway x4  
  42  4:05  Zealot  
  42  4:13  Warp Prism (Chrono Boost)  
  46  4:21  Gateway  
  46  4:24  Pylon  
  46  4:31  Pylon  
  46  4:35  Gateway, Pylon x2  
Spawning Tool Build Advisor. Get it on Overwolf

Go to:

Details

  • Created by: jack2423
  • Published on: Jan 27, 2021
  • Modified on: Jan 27, 2021
  • Patch: 4.11.0
  • Difficulty: Medium
Show
View Real Time Build Order
Export as new Build Order

Comments (1)

On Jan. 28, 2021, 7:49 p.m., mosorio  said:

change the category for pvz

Create an account to comment!